 Dungeon Crawl Stone Soup version 0.31-a0-232-gb1c03b2570 (webtiles) character file.

Game seed: 17428443089169948358

455 qw the Shooter (level 6, -2/52 HPs)
             Began as a Minotaur Hexslinger on July 7, 2023.
             Slain by an ogre
             ... wielding a +0 giant spiked club
              (23 damage)
             ... on level 4 of the Dungeon.
             The game lasted 00:01:00 (2358 turns).

qw the Shooter (Minotaur Hexslinger)                Turns: 2358, Time: 00:01:01

Health: -2/52      AC:  6    Str: 13    XL:     6   Next: 76%
Magic:  0/6        EV: 11    Int: 10    God:
Gold:   197        SH:  0    Dex: 14    Spells: 6/7 levels left

rFire   . . .        Y - +2 sling (freeze)
rCold   . . .        (no shield)
rNeg    . . .        a - +0 ring mail
rPois   .            (helmet restricted)
rElec   .            (no cloak)
rCorr   .            (no gloves)
SInv    .            g - +0 pair of boots
Will    +....        h - amulet of guardian spirit
Stlth   +            e - ring of willpower
HPRegen 0.28/turn    (no ring)
MPRegen 0.10/turn

%: guardian spirit
@: no status effects
A: horns 2, retaliatory headbutt
a: no special abilities


You were on level 4 of the Dungeon.
You visited 1 branch of the dungeon, and saw 4 of its levels.

You collected 197 gold pieces.


Innate Abilities, Weirdness & Mutations

You have a pair of horns on your head.
You reflexively headbutt those who attack you in melee.


   Skills:
 - Level 4.1 Fighting
 + Level 6.9 Ranged Weapons
 - Level 1.6 Armour
 - Level 2.1 Dodging
 - Level 1.0 Spellcasting
 - Level 2.0 Hexes


You had 6 spell levels left.
You knew the following spells:

 Your Spells              Type           Power      Damage    Failure   Level
a - Slow                  Hex            16%        N/A       32%         1

Your spell library contained the following spells:

 Spells                   Type           Power      Damage    Failure   Level
 Inner Flame              Hex/Fire       2%         N/A       82%         3
 Portal Projectile        Hex/Tloc       4%         N/A       82%         3
 Cause Fear               Hex            2%         N/A       97%         4

Inventory:

Hand Weapons
 Y - a +2 sling of freezing (weapon)
Armour
 a - a +0 ring mail (worn)
 g - a +0 pair of boots (worn)
Jewellery
 e - a ring of willpower (left hand)
 f - a ring of ice
 h - an amulet of guardian spirit (around neck)
 i - an amulet of the acrobat
 n - a ring of fire
Scrolls
 b - a scroll of identify
 k - a scroll of revelation {unknown}
Potions
 c - a potion of ambrosia {unknown}
 d - a potion of cancellation
 j - a potion of curing
 l - a potion of heal wounds {unknown}

Dungeon Overview and Level Annotations

Branches:
Dungeon (4/15)
 Temple: D:4-7

Altars:
Ashenzari
Fedhas
Nemelex Xobeh


Message History

The orc priest hits you with a +0 whip. Something hits you but does no damage.
You shoot a sling bullet.
The sling bullet closely misses the orc priest.
The sling bullet hits the ogre.
The sling bullet freezes the ogre.
The ogre is moderately wounded.
Something hits you. The orc priest barely misses you. You furiously retaliate!
You headbutt the orc priest. The orc priest barely misses you.
Something hits you.
You shoot a sling bullet. The sling bullet hits the orc priest.
The sling bullet freezes the orc priest.
The orc priest is almost dead.
The orc priest casts a cantrip, but nothing happens.
Something hits you.
You shoot a sling bullet.
The sling bullet hits the orc priest but does no damage.
The orc priest is almost dead.
The orc priest barely misses you. You furiously retaliate!
You headbutt the orc priest.
You kill the orc priest!
Something hits you.
You shoot a sling bullet. The sling bullet hits the ogre.
The sling bullet freezes the ogre.
The ogre is moderately wounded.
Something hits you but does no damage. The ogre barely misses you.
You shoot a sling bullet. The sling bullet hits the ogre.
The sling bullet freezes the ogre.
The ogre is heavily wounded.
Something hits you but does no damage.
The ogre hits you with a +0 giant spiked club!
You shoot a sling bullet. The sling bullet hits the ogre.
The sling bullet freezes the ogre.
The ogre is severely wounded.
You hear some strange, mumbled words.
A magic dart appears from out of thin air!
The magic dart hits you.
You hear some strange, mumbled words.
A magic dart appears from out of thin air!
The magic dart hits you.
The ogre hits you with a +0 giant spiked club!!
You die...

......#.#########.#.##
......#.#### #...<##
#.......## #.....#
#..#.#...#####%..)##
#.................#
#..#.#...####.#)..#
#..#.#...## #.#...#
#.........# #.#...#
#....#..{@# ......#
#.......#O# ......#
#..####.>.........# ..
#.#.#..o..#
#.#.#..?..# #.#.#
###o# .#... . #.# ...


You could see an ogre.

Vanquished Creatures
  Grinder (D:3)
  A phantom (D:3)
  An orc priest (D:4)
  A sleepcap (D:4)
  An orc wizard (D:3)
  4 adders
  A worm (D:3)
  4 dart slugs
  5 orcs
  5 endoplasms
  4 giant cockroaches
  4 goblins
  3 hobgoblins
  2 jackals (D:3)
  A quokka (D:4)
  2 ball pythons
  3 bats
  2 frilled lizards
  9 kobolds
  5 rats (D:1)
  A spectral goblin (D:2)
60 creatures vanquished.

Notes
Turn   | Place    | Note
-------+----------+-------------------------------------------
     0 | D:1      | qw the Minotaur Hexslinger began the quest for the Orb.
     0 | D:1      | Reached XP level 1. HP: 16/16 MP: 1/1
     0 | D:1      | 0 ||| qw: Version: 0.3-a-46-gb1f654a
     0 | D:1      | 0 ||| qw: Game counter: 2569
     0 | D:1      | 0 ||| qw: Melee chars always use a shield: true
     0 | D:1      | 0 ||| qw: God list: Okawaru
     0 | D:1      | 0 ||| qw: Allow faded altars: false
     0 | D:1      | 0 ||| qw: Do Orc after clearing Dungeon:15 true
     0 | D:1      | 0 ||| qw: Do second Lair branch before Depths: true
     0 | D:1      | 0 ||| qw: Lair rune preference: random
     0 | D:1      | 0 ||| qw: Goals: Normal
     0 | D:1      | 0 ||| PLANNING D:1-11
    64 | D:1      | Reached skill level 3 in Ranged Weapons
    67 | D:1      | Reached XP level 2. HP: 20/23 MP: 2/2
   164 | D:1      | 164 ||| FLEEEEING.
   165 | D:1      | 165 ||| FLEEEEING.
   166 | D:1      | 166 ||| FLEEEEING.
   167 | D:1      | 167 ||| FLEEEEING.
   399 | D:1      | 399 ||| UPGRADING to +0 pair of boots.
   404 | D:1      | 404 ||| UPGRADING to +0 leather armour.
   414 | D:1      | 414 ||| DROPPING +0 robe.
   415 | D:1      | 415 ||| UPGRADING to amulet of guardian spirit.
   420 | D:1      | 420 ||| UPGRADING to ring of willpower.
   421 | D:1      | 421 ||| READING scroll labelled DORIK DORY.
   422 | D:1      | 422 ||| READING scroll labelled JIWIUF RURCHEVA.
   423 | D:1      | 423 ||| READING scroll labelled OSAXZE UNIEXTI.
   424 | D:1      | 424 ||| READING scroll labelled TAINAI GUOSO.
   425 | D:1      | 425 ||| DROPPING scroll of poison.
   461 | D:2      | Reached XP level 3. HP: 26/29 MP: 3/3
   461 | D:2      | 461 ||| STAIRDANCE
   497 | D:2      | Reached skill level 4 in Ranged Weapons
   526 | D:2      | Found a sparkling altar of Nemelex Xobeh.
   780 | D:2      | Found a faded altar of an unknown god.
  1152 | D:2      | Reached XP level 4. HP: 36/36 MP: 4/4
  1393 | D:2      | 1393 ||| READING scroll labelled XUTYBE WAJOCW.
  1396 | D:2      | 1396 ||| READING 2 scrolls labelled ASENAHE LICIS.
  1397 | D:2      | 1397 ||| READING scroll labelled XOBURGH IDYTOA.
  1398 | D:2      | 1398 ||| DROPPING scroll of blinking.
  1444 | D:3      | Reached skill level 5 in Ranged Weapons
  1560 | D:3      | Found a blossoming altar of Fedhas.
  1604 | D:3      | Found a broken altar of Ashenzari.
  1765 | D:3      | Noticed a phantom
  1786 | D:3      | Killed a phantom
  1787 | D:3      | Reached XP level 5. HP: 31/46 MP: 5/5
  1875 | D:3      | Noticed Grinder
  1892 | D:3      | HP: 11/46 [Grinder (4)]
  1893 | D:3      | Killed Grinder
  1894 | D:3      | Reached skill level 6 in Ranged Weapons
  1894 | D:3      | Reached XP level 6. HP: 13/52 MP: 2/6
  2193 | D:3      | 2193 ||| UPGRADING to +0 ring mail.
  2203 | D:3      | 2203 ||| DROPPING +0 leather armour.
  2204 | D:3      | 2204 ||| DROPPING ring of flight.
  2205 | D:3      | 2205 ||| READING scroll labelled GEUNTADUUMAPS.
  2206 | D:3      | 2206 ||| READING scroll labelled EWUILY KASONN.
  2207 | D:3      | 2207 ||| DRINKING 2 emerald potions.
  2208 | D:3      | 2208 ||| READING 2 scrolls of identify.
  2208 | D:3      | 2208 ||| IDENTIFYING blue potion
  2294 | D:4      | Reached skill level 1 in Armour
  2340 | D:4      | 2340 ||| Stepping ~*~*~tactically~*~*~ (outnumbered).
  2358 | D:4      | Slain by an ogre

Levels and vault maps discovered:
D:1:      minmay_arrival_radiant_lines, layout_rooms
D:2:      layout_basic, dreamdust_ecumenical_altar_drowned_temple, basic_altar
D:3:      layout_basic, mainiacjoe_overflow_catch_the_wave, uniq_grinder
D:4:      layout_loops_ring, nicolae_kikubaaqudgha_miasma_corner,
          mainiacjoe_overflow_24_doors, gammafunk_ghost_mausoleum

Skill      XL: |  1  2  3  4  5  6 |
---------------+-------------------+-----
Ranged Weapons | 3 4 5 6 |  6.9
Fighting       | 2 4 |  4.1
Armour         | 1 |  1.6
Dodging        | |  2.1
Spellcasting   | |  1.0
Hexes          | |  2.0

Action                     |  1- 3 |  4- 6 || total
---------------------------+-------+-------++-------
   Fire: Sling             |   103 |   114 ||   217
    Use: Scroll            |     4 |     6 ||    10
         Potion            |       |     1 ||     1
 Armour: Robe              |     2 |       ||     2
         Leather armour    |    10 |    23 ||    33
         Ring mail         |       |    12 ||    12
  Dodge: Dodged            |    28 |    34 ||    62

Table legend:
 A = Non-vault XP
 B = Vault XP
 C = Vault XP percentage of total XP
 D = Non-vault monster count
 E = Vault monster count
 F = Vault count percentage of total count
                 A         B        C        D         E       F
            +---------+---------+-------+---------+---------+-------
      Total |     369 |     282 |  43.3 |      58 |       2 |   3.3
            +---------+---------+-------+---------+---------+-------
        D:1 |      52 |       0 |   0.0 |      23 |       0 |   0.0
        D:2 |      53 |       1 |   1.9 |      14 |       1 |   6.7
        D:3 |     176 |     281 |  61.5 |      15 |       1 |   6.2
        D:4 |      88 |       0 |   0.0 |       6 |       0 |   0.0
            +---------+---------+-------+---------+---------+-------
